 Dungeon Crawl Stone Soup version 0.13-a0-2350-g4422b0a (webtiles) character file.

6407 Kae the Basher (level 10, -12/85 HPs)
             Began as a Minotaur Berserker on July 11, 2013.
             Was a High Priest of Trog.
             Mangled by an orc warrior
             ... wielding a cursed -2,-2 orcish great mace
              (17 damage)
             ... on Level 9 of the Dungeon.
             The game lasted 00:20:04 (9022 turns).

Kae the Basher (Minotaur Berserker)                 Turns: 9022, Time: 00:20:04

HP -12/85        AC 18     Str 22      XL: 10   Next: 54%
MP   0/3         EV  6     Int  6      God: Trog [*****.]
Gold 466         SH  0     Dex 11      Spells:  0 memorised,  9 levels left

Res.Fire  : + . .   See Invis. : .   B - +0,+2 flail (crush)
Res.Cold  : . . .   Warding    : .   t - +0 plate armour
Life Prot.: . . .   Conserve   : .   (no shield)
Res.Poison: +       Res.Corr.  : .   (helmet restricted)
Res.Elec. : .       Clarity    : .   s - +2 dwarf cloak
Sust.Abil.: . .     Spirit.Shd : +   E - +0 pair of orc gloves
Res.Mut.  : .       Stasis     : .   (no boots)
Res.Rott. : .       Flight     : .   d - amulet of guardian spirit
Saprovore : . . .                    g - ring of protection from fire
                                     x - ring of poison resistance

@: exhausted, hasted and slowed, somewhat resistant to hostile enchantments,
extremely unstealthy
A: retaliatory headbutt, horns 2
a: Burn Spellbooks, Berserk, Trog's Hand, Brothers in Arms, Renounce Religion


You were on level 9 of the Dungeon.
You worshipped Trog.
Trog was exalted by your worship.
You were very hungry.

You visited 1 branch of the dungeon, and saw 9 of its levels.

You collected 446 gold pieces.

Inventory:

Hand weapons
 a - a +1,-4 mace
 B - a +0,+2 flail of crushing (weapon)
Armour
 s - a +2 dwarven cloak (worn)
 t - a +0 plate armour (worn)
 E - a +0 pair of orcish gloves (worn)
Magical devices
 A - a wand of disintegration (11)
 H - a wand of slowing (5)
Comestibles
 c - 5 bread rations
 h - 11 grapes
 q - 2 apples
 w - 5 meat rations
Scrolls
 e - a scroll of identify
 i - a scroll of enchant weapon II
 n - a scroll of teleportation
 y - 2 scrolls of remove curse
Jewellery
 d - an amulet of guardian spirit (around neck)
 f - a +2 ring of strength
 g - a ring of protection from fire (right hand)
 j - an uncursed ring of flight
 x - a ring of poison resistance (left hand)
Potions
 b - a potion of confusion {unknown}
 l - a potion of flight
 o - 2 potions of restore abilities
 C - a potion of brilliance
 F - a potion of magic
 I - a potion of agility {unknown}
 K - 2 potions of paralysis {unknown}


   Skills:
 + Level 8.1 Fighting
 - Level 14.1 Maces & Flails
 + Level 7.6 Armour
 + Level 7.1 Dodging


You had 9 spell levels left.
You didn't know any spells.

Dungeon Overview and Level Annotations

Branches:
Dungeon (9/27)             Temple (0/1) D:5             Orc (0/4) D:9
   Lair (0/8) D:9

Altars:
Ashenzari
Fedhas
Nemelex Xobeh
Okawaru
Xom


Innate Abilities, Weirdness & Mutations

You reflexively headbutt those who attack you in melee.
You have a pair of horns on your head.


Message History

The orc warrior picks up an orcish hand axe.
The orc warrior throws an orcish hand axe.
The orcish hand axe hits you!
* * * LOW HITPOINT WARNING * * *
Things that are here:
an orcish hand axe; a cyan potion You barely miss the orc priest.
You headbutt the orc priest.
The orc priest is almost dead.
You hit the orc priest but do no damage.
You headbutt the orc priest.
You kill the orc priest!
Trog accepts your kill.
The orc warrior hits you with an orcish great mace!
* * * LOW HITPOINT WARNING * * *
Drink which item? (? for menu, Esc to quit)
You feel yourself speed up.
You are feeling hungry.
You are feeling very hungry.
The orc warrior hits you with an orcish great mace!
You die...

##.###.... # ..)....# .
.#.###.# # )#.# #
.#%#########################
.#.##.......................
.#.##..#[........o..........
.#..#..#.........)........%..
#.#.).).....!...@o...%.......
##..#.........##))..%>.....(.
##.#...........)))!).....#%
###.......!..)..........#
##.#######################
### ##..............# #.#.#
#.# #.##########.##.####.#.#
#.# .##
#.#.#.......########.# ##
#.##.####.............


You could see an orc warrior and an orc (confused).

Vanquished Creatures
  Maurice (D:8)
  The ghost of 4tharraofdagon the Cleaver, an experienced DDFi (D:8)
  Prince Ribbit (D:6)
  Eustachio (D:8)
  A hippogriff (D:8)
  An ice beast (D:7)
  A swamp drake (D:9)
  10 ogres
  A sky beast (D:8)
  2 yellow wasps (D:9)
  An orc warrior (D:9)
  4 giant frogs
  A crocodile (D:8)
  Sigmund (D:3)
  7 centaurs
  A gnoll sergeant (D:6)
  Blork the orc (D:6)
  A water moccasin (D:5)
  A wyvern zombie (D:9)
  2 goliath beetles (D:7)
  11 killer bees
  6 crimson imps
  A centaur zombie (D:6)
  3 orc priests
  A big fish (D:5)
  4 hounds
  6 iguanas
  3 orc wizards
  A scorpion (D:7)
  5 jellies
  9 worker ants
  2 green rats (D:8)
  12 adders
  14 gnolls
  A shadow imp (D:8)
  A giant mite (D:2)
  A white imp (D:8)
  5 worms
  An ufetubus (D:8)
  3 giant eyeballs
  5 giant geckos
  31 orcs
  21 goblins
  16 hobgoblins
  3 jackals (D:7)
  22 kobolds
  7 quokkas
  16 bats
  5 giant cockroaches
  6 giant newts
  A giant spore (D:7)
  20 rats
  5 ballistomycetes
288 creatures vanquished.

Vanquished Creatures (others)
  An orc warrior (D:6)
  A centaur (D:5)
  An orc priest (D:9)
  A hound (D:5)
  A worker ant (D:5)
  An orc (D:9)
  2 giant cockroaches
  A hobgoblin (D:5)
  A bat (D:5)
  A giant spore (D:6)
11 creatures vanquished.

Grand Total: 299 creatures vanquished

Notes
Turn   | Place    | Note
--------------------------------------------------------------
     0 | D:1      | Kae, the Minotaur Berserker, began the quest for the Orb.
     0 | D:1      | Reached XP level 1. HP: 19/19 MP: 0/0
    77 | D:1      | Reached skill level 4 in Maces & Flails
   152 | D:1      | Reached XP level 2. HP: 26/26 MP: 0/0
   190 | D:1      | Acquired Trog's second power
   760 | D:2      | Reached skill level 5 in Maces & Flails
   783 | D:2      | Reached XP level 3. HP: 26/33 MP: 1/1
  1291 | D:2      | Reached skill level 6 in Maces & Flails
  1291 | D:2      | Reached XP level 4. HP: 36/39 MP: 1/1
  1711 | D:3      | Acquired Trog's third power
  1711 | D:3      | Reached XP level 5. HP: 46/46 MP: 1/1
  1771 | D:3      | Noticed Sigmund
  1794 | D:3      | Killed Sigmund
  1794 | D:3      | Reached skill level 7 in Maces & Flails
  2360 | D:4      | Reached skill level 8 in Maces & Flails
  2408 | D:4      | Reached XP level 6. HP: 52/52 MP: 2/2
  2455 | D:4      | Noticed an ogre
  2463 | D:4      | Killed an ogre
  3035 | D:4      | Reached skill level 9 in Maces & Flails
  3122 | D:5      | Entered Level 5 of the Dungeon
  3529 | D:5      | Reached XP level 7. HP: 56/59 MP: 1/2
  3630 | D:5      | Reached skill level 10 in Maces & Flails
  3661 | D:5      | Paralysed by a giant eyeball for 3 turns
  4100 | D:5      | Reached skill level 11 in Maces & Flails
  4147 | D:5      | Found a staircase to the Ecumenical Temple.
  4162 | D:5      | Reached XP level 8. HP: 59/66 MP: 2/2
  4264 | D:5      | Found a shimmering altar of Xom.
  4494 | D:6      | Reached skill level 12 in Maces & Flails
  4536 | D:6      | Noticed Prince Ribbit
  4557 | D:6      | Noticed Blork the orc
  4565 | D:6      | Killed Blork the orc
  4846 | D:6      | Found an iron altar of Okawaru.
  4960 | D:6      | Killed Prince Ribbit
  4960 | D:6      | Reached skill level 13 in Maces & Flails
  5440 | D:6      | Reached XP level 9. HP: 68/72 MP: 3/3
  5582 | D:6      | Received a gift from Trog
  5832 | D:6      | Reached skill level 14 in Maces & Flails
  6686 | D:7      | Reached skill level 5 in Fighting
  7349 | D:7      | Found a shattered altar of Ashenzari.
  7349 | D:7      | Found a blossoming altar of Fedhas.
  7439 | D:8      | Reached skill level 5 in Armour
  7505 | D:8      | Reached skill level 5 in Dodging
  7706 | D:8      | Reached XP level 10. HP: 35/83 MP: 1/3
  7831 | D:8      | Noticed 4tharraofdagon's ghost (experienced DDFi)
  7854 | D:8      | Killed 4tharraofdagon's ghost
  7869 | D:8      | Noticed Eustachio
  7871 | D:8      | Noticed Maurice
  7904 | D:8      | Killed Eustachio
  7951 | D:8      | HP: 3/83 [disintegration (16)]
  7956 | D:8      | HP: 1/83 [disintegration (18)]
  7961 | D:8      | Killed Maurice
  8255 | D:8      | Paralysed by a giant eyeball for 4 turns
  8263 | D:8      | Paralysed by a giant eyeball for 2 turns
  8554 | D:9      | Found a staircase to the Lair.
  8753 | D:9      | Found a sparkling altar of Nemelex Xobeh.
  8990 | D:9      | Found a staircase to the Orcish Mines.
  9021 | D:9      | HP: 4/85 [orc warrior/orcish great mace (15)]
  9022 | D:9      | Mangled by an orc warrior

Action                   |  1- 3 |  4- 6 |  7- 9 | 10-12 || total
-------------------------+-------+-------+-------+-------++-------
Melee: Mace              |    92 |   131 |   538 |     5 ||   766
       Flail             |       |       |    12 |   191 ||   203
Invok: Trog's Hand       |       |     4 |    10 |     3 ||    17
       Berserk           |       |     1 |     3 |     2 ||     6
Evoke: Wand              |       |       |     3 |     1 ||     4
  Use: Scroll            |       |    15 |     6 |     7 ||    28
       Potion            |       |       |     2 |     3 ||     5
